Cogmind - Beta 14 @@@ ROGUE MODE // 2024.10.27 @ 09:40:40 Player: Tereza Result: Destroyed self with Grenade Launcher Performance ------------- Evolutions (0) 0 Regions Visited (2) 400 Robots Destroyed (12) 60 Value Destroyed (329) 329 Prototype IDs (0) 0 Alien Tech Used (0) 0 Bonus (-153) -153 TOTAL SCORE: 636 Bonus ------- Friendly Fire -153 Cogmind --------- Core Integrity 0/250 Matter 144/300 Energy 154/160 System Corruption 4% Temperature Cool (6) Movement Rolling (175) Ox5 Location -10/Mines Parts ------- > --- POWER (1) -------- Light Nuclear Core > --- PROPULSION (2) --- Compact Wheel > --- UTILITY (2) ------ Huge Storage Unit Targeting Computer > --- WEAPON (2) ------- Grenade Launcher > --- INVENTORY (25) --- Light Ion Engine Light Nuclear Core Light Treads Aluminum Leg Aluminum Leg Compact Wheel Hover Unit Heat Sink Improved Heat Sink Small Storage Unit Small Storage Unit Experimental Sensor Array Signal Interpreter Improved Terrain Scanner Targeting Computer Targeting Computer EM Pulse Gun Small Laser Beam Cannon Assault Rifle Light Assault Rifle Grenade Launcher Grenade Launcher Mining Claw Peak State ------------ > --- POWER ------------ Light Nuclear Core > --- PROPULSION ------- Light Treads Compact Wheel > --- UTILITY ---------- Huge Storage Unit Targeting Computer > --- WEAPON ----------- Assault Rifle Assault Rifle > --- INVENTORY -------- Light Nuclear Core Light Treads Aluminum Leg Aluminum Leg Compact Wheel Hover Unit Improved Heat Sink Small Storage Unit Small Storage Unit Experimental Sensor Array Signal Interpreter Targeting Computer Targeting Computer EM Pulse Gun Beam Cannon Light Assault Rifle Grenade Launcher Grenade Launcher Grenade Launcher Grenade Launcher Mining Claw [Rating: 12] Favorites ----------- Power Light Ion Engine Engine Light Ion Engine Power Core Light Nuclear Core Propulsion Light Treads Treads Light Treads Wheel Wheel Utility Huge Storage Unit Storage Huge Storage Unit Processor Targeting Computer Weapon Assault Rifle Ballistic Gun Assault Rifle Launcher Grenade Launcher Build | -11 -10 -10 ------- Run | Yrd Mat Min Slots Evolved . | . . . Power . | . . . Propulsion . | . . . Utility . | . . . Weapon . | . . . Parts Attached 17 | 6 6 5 Power 4 | 1 2 1 Engine 3 | 1 2 . Core 1 | . . 1 Reactor . | . . . Propulsion 6 | 2 2 2 Treads 2 | 2 . . Leg . | . . . Wheel 4 | . 2 2 Hover . | . . . Flight . | . . . Utility 3 | 1 2 . Device . | . . . Storage 2 | 1 1 . Processor 1 | . 1 . Hackware . | . . . Protection . | . . . Artifact . | . . . Weapon 4 | 2 . 2 Energy Gun . | . . . Energy Cannon . | . . . Ballistic Gun 2 | 2 . . Ballistic Cannon . | . . . Launcher 2 | . . 2 Special Weapon . | . . . Impact Weapon . | . . . Slashing Weapon . | . . . Piercing Weapon . | . . . Special Melee Weapon . | . . . Unidentified Prototypes . | . . . Parts Lost 9 | . 3 6 Power 3 | . 2 1 Propulsion 4 | . 1 3 Utility . | . . . Weapon 2 | . . 2 Highest Loss Streak 2 | . 2 2 To Critical Strikes . | . . . Average Slot Usage (%) 93 | . 88 98 Engine 10 | . 13 8 Core 2 | . . 5 Treads 14 | . 16 12 Wheel 12 | . 11 13 Storage 14 | . 14 14 Processor 9 | . 4 14 Ballistic Gun 25 | . 28 22 Launcher 2 | . . 4 Peak Build Rating 12 | 6 9 12 Average Rating 8 | 4 7 10 On Entrance 5 | . 6 9 Naked Turns . | . . . Heaviest Build 90 | 12 89 90 Greatest Support 40 | 40 40 16 Greatest Overweight (x) 8 | 2 8 8 Average Overweight (x) 5 | . 4 6 Largest Inventory Capacity 25 | 8 25 25 Average Capacity 22 | 7 22 25 Most Carried 25 | 6 21 25 Average Carried 17 | 4 13 22 Final Capacity 25 | 8 25 25 Final Carried 24 | 6 20 24 Class Distribution -------------------- 100% | Mutant Dominant Class ---------------- Mutant | -10/Materials Mutant | -10/Mines Resources | -11 -10 -10 ----------- Run | Yrd Mat Min Matter Collected 615 | 240 185 190 Remotely . | . . . Salvage Created 449 | . 256 193 Parts 20 | . 14 6 Haulers Intercepted . | . . . Recyclers Shooed . | . . . Parts Field Recycled . | . . . Retrieved Matter . | . . . Parts Self-Destructed . | . . . Prevented . | . . . Kills | -11 -10 -10 ------- Run | Yrd Mat Min Combat Hostiles Destroyed 19 | . 7 12 Guns 14 | . 7 7 AOE 5 | . . 5 Classes Destroyed 5 | . 3 2 Watcher 1 | . 1 . Swarmer 3 | . 3 . Grunt 6 | . 4 2 Demolisher 1 | . . 1 Assembled 9 | . . 9 Thug 1 | . . 1 Best Kill Streak 3 | . 3 3 Combat Bots Only 3 | . 3 3 Max Kills in Single Turn 3 | . 1 3 Gunslinging . | . . . Exploded 2 | . . 2 Melee . | . . . Uniques/NPCs Destroyed . | . . . Combat | -11 -10 -10 -------- Run | Yrd Mat Min Hostile Shots Fired 90 | . 42 48 Missed 33 | . 16 17 Damage Taken 966 | . 359 607 Core 265 | . 89 176 Absorbed by Shields . | . . . Core Remaining (%) 100 | 100 . . Volleys Fired 64 | . 33 31 Largest 2 | . 2 2 Hottest 50 | . 40 50 Shots Fired 125 | . 66 59 Gun 117 | . 66 51 Cannon . | . . . Launcher 8 | . . 8 Special . | . . . Kinetic 117 | . 66 51 Thermal . | . . . Explosive 8 | . . 8 Electromagnetic . | . . . Robot Hit Streak 8 | . 8 6 Robot Miss Streak 5 | . 5 4 Penetration Max . | . . . Secondary Targets 1 | . . 1 Max Gunslinging Chain 1 | . . 1 Shots Hit Robots 69 | . 35 34 Core Hits 41 | . 13 28 Critical Kills 2 | . 1 1 Critical Parts Destroyed . | . . . Critical Strikes 2 | . 1 1 Destroy 2 | . 1 1 Melee Attacks . | . . . Impact . | . . . Slashing . | . . . Piercing . | . . . Sneak Attacks . | . . . Combat Hostiles . | . . . Follow-up Attacks . | . . . Damage Inflicted 1253 | . 457 796 Guns 833 | . 457 376 Cannons . | . . . Explosions 420 | . . 420 Melee . | . . . Ramming . | . . . Kinetic 833 | . 457 376 Thermal . | . . . Explosive 420 | . . 420 Electromagnetic . | . . . Impact . | . . . Slashing . | . . . Piercing . | . . . Highest Corruption 4 | . . 4 Average Corruption 4 | . . 4 Corruption Purged . | . . . Corruption Blocked . | . . . Effects 5 | . . 5 Matter Fused 2 | . . 2 Heat Flow Errors 1 | . . 1 Energy Discharges 2 | . . 2 Overload Shots . | . . . Overflow Damage 19 | . . 19 Projectiles . | . . . Explosions 19 | . . 19 Melee . | . . . Knockbacks . | . . . Impact . | . . . Kinetic . | . . . Secondary . | . . . Self-Inflicted Damage 136 | . . 136 Shots 4 | . . 4 Rammed . | . . . Targets Rammed . | . . . Kicked . | . . . Crushed . | . . . Highest Temperature 105 | . 8 105 Average Temperature 21 | . 2 32 Received Heat Transfer 319 | . 165 154 Siege Activations . | . . . Robots Corrupted . | . . . Combat Hostiles . | . . . Parts Fried . | . . . Impact Corruptions . | . . . Robots Melted . | . . . Combat Hostiles . | . . . Parts Melted . | . . . Heat Transferred . | . . . Parts Sabotaged . | . . . Parts Stolen . | . . . Parts Stripped . | . . . Power Chain Reactions . | . . . Alert | -11 -10 -10 ------- Run | Yrd Mat Min Peak Influence 216 | . 216 117 Initial 12 | . . 12 Average 41 | . 72 21 Maximum Alert Level 1 | . 1 . Low Security (%) 99 | 100 97 100 Level 1 . | . 2 . Level 2 . | . . . Level 3 . | . . . Level 4 . | . . . Level 5 . | . . . High Security . | . . . Max Security . | . . . Squads Dispatched 1 | . . 1 Investigation . | . . . Extermination . | . . . Reinforcement . | . . . Assault 1 | . . 1 Garrison . | . . . Intercept . | . . . Searches Triggered . | . . . Construction Impeded . | . . . Haulers Reinforced . | . . . Active Scanning Responses . | . . . Cargo Convoy Interrupts . | . . . Stealth | -11 -10 -10 --------- Run | Yrd Mat Min Distress Signals 1 | . 1 . Communications Jammed . | . . . Distress Signals . | . . . Times Spotted 35 | . 12 23 Peak Tracking Total 5 | . 3 5 Tactical Retreats 4 | . 1 3 Traps | -11 -10 -10 ------- Run | Yrd Mat Min Traps Triggered . | . . . Indirectly . | . . . Trap Hack Attempts . | . . . Triggered . | . . . Disarmed . | . . . Reprogrammed . | . . . Reused . | . . . Traps Extracted . | . . . Installed . | . . . Triggered . | . . . Machines | -11 -10 -10 ---------- Run | Yrd Mat Min Machines Disabled . | . . . Max in Single Turn . | . . . Machines Repaired . | . . . Machines Dismantled . | . . . Machines Sabotaged . | . . . Overloaded Fab Kills . | . . . Hacking | -11 -10 -10 --------- Run | Yrd Mat Min Machines Accessed 2 | . 2 . Terminals 2 | . 2 . Fabricators . | . . . Repair Stations . | . . . Recycling Units . | . . . Scanalyzers . | . . . Garrison Access . | . . . Total Hacks 3 | . 3 . Successful 3 | . 3 . Failed . | . . . Catastrophic . | . . . Database Lockouts . | . . . Manual 2 | . 2 . Terminals 3 | . 3 . Fabricators . | . . . Repair Stations . | . . . Recycling Units . | . . . Scanalyzers . | . . . Garrison Access . | . . . Terminal Hacks 1 | . 1 . Zone Layout 1 | . 1 . Fabricator Hacks . | . . . Repair Station Hacks . | . . . Recycling Unit Hacks . | . . . Scanalyzer . | . . . Garrison Access Hacks . | . . . Unauthorized Hacks 2 | . 2 . Terminals 2 | . 2 . Botnet 2 | . 2 . Fabricators . | . . . Repair Stations . | . . . Recycling Units . | . . . Scanalyzers . | . . . Garrison Access . | . . . Data Cores Recovered . | . . . Used . | . . . Hacking Detections 1 | . 1 . Full Trace Events . | . . . Feedback Events . | . . . Feedback Blocked . | . . . Robot Schematics Acquired . | . . . Robots Built . | . . . Authchips . | . . . Time . | . . . Total Robot Build Rating . | . . . Part Schematics Acquired . | . . . Parts Built . | . . . Authchips . | . . . Time . | . . . Total Part Build Rating . | . . . Parts Repaired . | . . . Time . | . . . Parts Recycled . | . . . Recycled Matter . | . . . Retrieved Matter . | . . . Retrieved Components . | . . . Parts Scanalyzed . | . . . Part Schematics Acquired . | . . . Parts Damaged . | . . . Bothacking | -11 -10 -10 ------------ Run | Yrd Mat Min Used RIF Installer . | . . . Robots Hacked . | . . . Non-combat . | . . . Combat . | . . . Robot Hacks Applied . | . . . Relay Couplers Released . | . . . Fabnet Peak Effective % . | . . . Robots Rewired . | . . . Allies Hacked . | . . . Hacks Repelled . | . . . Allies | -11 -10 -10 -------- Run | Yrd Mat Min Total Allies 4 | . . 4 Largest Group 3 | . . 3 Highest-Rated Group 40 | . . 40 Highest-Rated Ally 31 | . . 31 Total Orders . | . . . Ally Attacks 21 | . . 21 Total Damage 188 | . . 188 Kills 3 | . . 3 Allies Corrupted . | . . . Allies Melted . | . . . Intel | -11 -10 -10 ------- Run | Yrd Mat Min Robot Analysis Total . | . . . Derelict Logs Recovered . | . . . Drone Launches . | . . . Drone Recoveries . | . . . Exploration | -11 -10 -10 ------------- Run | Yrd Mat Min Turns Passed 1249 | 69 513 667 Spaces Moved 518 | 37 204 277 Core 8 | 8 . . Treads 78 | 29 49 . Legs . | . . . Wheels 432 | . 155 277 Hover . | . . . Flight . | . . . Fastest Speed 50 | 50 160 175 Average Speed 182 | 149 179 189 Slowest Speed 200 | 160 200 200 Overloaded Moves . | . . . Propulsion Burnouts . | . . . Robots Hopped . | . . . Cave-ins Triggered . | . . . Exploration Rate (%) 32 | 3 43 50 Regions Visited 2 Branch Regions 1 Pre-discovered Areas . | . . . Known Exits Taken . | . . . Unknown Exits Taken 2 | 1 1 . Scrap Searched . | . . . Spaces Dug . | . . . Terrain Destroyed 61 | . . 61 Melee . | . . . Projectile . | . . . AOE 61 | . . 61 Terrain Rammed . | . . . Walls Destroyed . | . . . Machines Disabled . | . . . Actions | -11 -10 -10 --------- Run | Yrd Mat Min Total 694 | 48 284 362 Wait 66 | . 25 41 Move 516 | 36 203 277 Hop . | . . . Pick Up 30 | 6 16 8 Fast Attach 8 | 6 2 . Attach 7 | . 3 4 Detach 1 | . 1 . Swap 2 | . 1 1 Drop . | . . . Fire 64 | . 33 31 Melee . | . . . Ram . | . . . Kick . | . . . Crush . | . . . Escape Stasis . | . . . Rewire . | . . . Trap . | . . . Miscellaneous . | . . . Route ------- -11/Scrapyard -10/Materials -10/Mines (discovered 2 exits: [*Mat x2]) History --------- Turn | Location | Event 12 | -11/Scrapyard | Discovered new exit (range 15) 70 | -11/Scrapyard | Entered Materials 183 | -10/Materials | Discovered new exit (range 9) 305 | -10/Materials | Build established: Mutant 583 | -10/Materials | Entered Mines 619 | -10/Mines | Found a damaged Exp. Sensor Array with a note attached 623 | -10/Mines | Found Prototype Device 730 | -10/Mines | Assisted by bots powering up and referring to "LRC-V3" 813 | -10/Mines | Discovered new exit (range 5) 876 | -10/Mines | Assembled infested the area 1003 | -10/Mines | Core integrity fell below 50% 1028 | -10/Mines | Lost 3 allies 1159 | -10/Mines | Discovered new exit (range 4) 1160 | -10/Mines | Met a Derelict testing a Signal Generator 1187 | -10/Mines | Core integrity fell below 20% 1250 | -10/Mines | Destroyed self with Grenade Launcher Last Messages --------------- 01233_ U-05 Engineer builds a Wall. 01234_ The unstable cave ceiling collapses. 01237_ U-05 Engineer lays Concrete. 01239_ VB-8BF(g): "Looks like the friends we called actually did show up to play. Couldn't you guys just take that other tunnel?" 01240_ C-30 ARC bursts open, deploying its payload. 01240_ G-47 Trooper unfolds itself. 01240_ G-34 Mercenary unfolds itself. 01240_ M-13 Machinist unfolds itself. 01240_ U-05 Engineer builds a Wall. 01240_ G-34 Mercenary destroyed. 01240_ Grenade Launcher destroyed. 01240_ Destroyed Grenade Launcher. 01240_ VB-8BF(g) destroyed. 01244_ U-05 Engineer lays Concrete. 01245_ M-13 Machinist repairs G-47 Trooper. 01246_ Assault Rifle destroyed. 01247_ U-05 Engineer lays Concrete. Map ----- +----------------------------------------------------+ | ????????????????????????????????? | | ????????????????????????????????? | | ????????????????????????????????? | | ????????????????????????????????? | | ????????????????????????????????? | | ????????????????????????????????? | | ????????????????????????????????? | | ????????????????????????????????? | | ????????????????????????????????? | | ????????????????????????????????? | | ????????????????????????######??? | | ???????????????????????## ##?? | | ????????????????????#### #?? | | ???????????????????## #?? | | ??????????????????## #?? | | ????????????????### ##?? | | ????????????##### # ###??? | | ????????????# # ###??# #????? | | ???????????## #???## ##???? | | ???????????# " ##### m #???? | | ???????????## g #???? | | ???????????# #####*%= #???? | | ???????????## ##??# %g #???? | | ???????????## #???# =[ #???? | | ??????????## ####???? #???? | | ?????????## #???????##@ ##???? | | ?#########% ##????????# % ????? | | !% !| ##?????????#% ##???? | | ?########= ####????#### ###??? | | ????????## #???## # #??? | | ????????# ##???# #* #??? | | ????????## #???# # ##??? | | ??????### ##??# u #??? | | ??##### # #??# #??? | | ??#% = #??# ##??? | | ??# ### # #??# * # #???? | | ### #?#### #??# =#####???? | | #????## ### ## #????? | | #####?????## ##### < #????? | | ????????????####???# #????? | | ???????????????????## ##????? | | ????????????????????#######?????? | | ????????????????????????????????? | | ????????????????????????????????? | | | | | | | | | | | | | +----------------------------------------------------+ Best States ------------- Heat Dissipation 25 Energy Generation 14 Energy Capacity 250 Matter Stores 280 Matter Capacity 300 Sight Range 16 Terrain Scan Density 10 Evasion (%) 40 Targeting Accuracy 5 Recoil Reduction 2 Item Schematics ----------------- None Robot Schematics ------------------ None Fabricated ------------ Nothing Alien Tech Used ----------------- None Achievements -------------- None Challenges ------------ None Game ------ Seed UtilityHeartShifter Manual? 0 Play Time 00:06:31 Cumulative 89.3 hours Start 2024.10.27 @ 09:34:22 End 2024.10.27 @ 09:40:40 Sessions 1 Manual Loads 0 Difficulty Rogue Special Mode None Game No. 111 Rogue 111 Adventurer 0 Explorer 0 Win Type - Total 1 Types 1/0/0/0/0/0/0/0/0 Lore% 59 Gallery% 47 Achievement% 39 Wizard Run 0 Options --------- Layout 1 ASCII 0 Keyboard 1 Movement Numpad Keybinds 0 Fullscreen 1 Font 24/Smallcaps Map View 50x35 Zoom Use 0% Tactical HUD 1 Map Filters NONE Filters NONE Steam 1 RUN: af90b5b1-5298-4c60-9572-b79c0671d69e